 Dungeon Crawl Stone Soup version 0.25.1-2-g60ff931df9 (webtiles) character file.

Game seed: 12374879093710767752

2938 lepoulpe303 the Frost Mage (level 9, 0/65 HPs)
             Began as a Merfolk Ice Elementalist on Aug 1, 2020.
             Was an Initiate of Vehumet.
             Slain by a killer bee (9 damage)
             ... on level 8 of the Dungeon on Aug 3, 2020.
             The game lasted 00:49:40 (10427 turns).

lepoulpe303 the Frost Mage (MfIE)                  Turns: 10427, Time: 00:49:40

Health: 0/65       AC:  3    Str:  9    XL:     9   Next: 80%
Magic:  15/18      EV: 16    Int: 17    God:    Vehumet [......]
Gold:   339        SH:  0    Dex: 14    Spells: 6/21 levels left

rFire    . . .     SeeInvis .   a - +1 spear (venom)
rCold    + . .     Gourm    .   (no shield)
rNeg     . . .     Faith    .   j - +1 robe {rF+} {rF+}
rPois    .         Spirit   .   (no helmet)
rElec    .         Reflect  .   (no cloak)
rCorr    .         Harm     .   (no gloves)
MR       .....     Rnd*Tele +   (no boots)
Stlth    ++........             (no amulet)
HPRegen  0.20/turn              z - ring of teleportation (curse)
MPRegen  0.16/turn              B - ring of ice {rC+, rF-}

@: lethally poisoned (0 -> -4)
A: change form in water, swift swim, stealthy swim
a: Renounce Religion


You were on level 8 of the Dungeon.
You worshipped Vehumet.
Vehumet was noncommittal.
You were not hungry.

You visited 2 branches of the dungeon, and saw 9 of its levels.

You collected 339 gold pieces.

Inventory:

Hand Weapons
 a - a +1 spear of venom (weapon)
 q - a +1 trident
Missiles
 f - 6 javelins
 m - 37 poisoned darts (quivered)
 v - 5 boomerangs
Armour
 j - a +1 robe of fire resistance (worn) {rF+}
 u - a +1 leather armour of cold resistance {rC+}
 F - a +2 leather armour of cold resistance {rC+}
Jewellery
 r - an uncursed ring of flight
 z - a cursed ring of teleportation (left hand)
 A - an uncursed ring of flight
 B - a ring of ice (right hand) {rC+, rF-}
 C - a +4 ring of protection
 I - an uncursed ring of protection from cold
 K - an uncursed ring of poison resistance {unknown}
Wands
 d - a wand of clouds (6)
 o - a wand of iceblast (5)
 y - a wand of disintegration (16)
 H - a wand of paralysis (1)
Scrolls
 b - a scroll of immolation {!r}
 c - 4 scrolls of magic mapping {!r}
 g - a scroll of fear
 i - 2 scrolls of identify
 p - a scroll of amnesia
 t - 2 scrolls of teleportation
 x - a scroll of summoning {unknown}
 G - a scroll of enchant weapon
 J - a scroll of enchant armour {unknown}
Potions
 h - 3 potions of might
 k - a potion of heal wounds {unknown}
 l - 2 potions of lignification {unknown}
 n - 2 potions of brilliance {unknown}
 s - a potion of invisibility {unknown}
 w - a potion of resistance {unknown}
 D - a potion of cancellation {unknown}
 E - 3 potions of mutation {unknown}
Comestibles
 e - 3 rations


   Skills:
 + Level 3.8 Fighting
 + Level 6.3 Polearms
 + Level 6.7 Dodging
 - Level 3.0 Stealth
 * Level 6.6 Spellcasting
 + Level 4.6 Charms
 * Level 8.8 Ice Magic


You had 6 spell levels left.
You knew the following spells:

 Your Spells              Type           Power        Failure   Level  Hunger
a - Freeze                Ice            ####         1%          1    None
b - Frozen Ramparts       Ice            ######       1%          3    ##.....
c - Hailstorm             Conj/Ice       ####....     21%         4    ####...
d - Summon Ice Beast      Ice/Summ       ####....     21%         4    ####...
A - Ozocubu's Armour      Chrm/Ice       #####...     2%          3    ##.....

Your spell library contained the following spells:

 Spells                   Type           Power        Failure   Level  Hunger


Dungeon Overview and Level Annotations

Branches:
Dungeon (8/15)             Temple (1/1) D:6
   Lair: D:8-11

Altars:
Fedhas
Nemelex Xobeh
Okawaru
Trog
Vehumet
Xom

Shops:
D:6 (


Message History

The killer bee is too close now for your liking.
A killer bee is nearby!
The killer bee buzzes angrily.
The killer bee buzzes angrily.
You hear an angry buzzing noise. x2
Aim: a killer bee You feel a surge of power!
You freeze the killer bee.
You hear an angry buzzing noise.
The killer bee misses you.
You now have 17/18 mp.
Aim: a killer bee You feel a surge of power!
You freeze the killer bee. The killer bee stings you!
* * * LOW HITPOINT WARNING * * *
You are poisoned.
The killer bee poisons you!
You take 8 damage, and have 10/65 hp.
You now have 16/18 mp.
Aim: a killer bee (moderately wounded)
You feel a surge of power!
You freeze the killer bee!
You feel sick. The killer bee stings you!
You die...

############# ..
............### .# .
#.............###.# ..
#.................#....#
+..........y...............
#.........@y.......[...#...
#####.######y##...#....#...
#. #.y<...#....#...
#.######..#.#.#....#...
#...........#'#Z...#...
########..............
##########..............
#...................^#'#
#....................#.#


You could see 4 killer bees.

Levels and vault maps discovered:
D:1:      dpeg_arrival_pits, layout_loops_ring
D:2:      layout_basic, okawaru_ov_weapons_minmay, uniq_terence, uniq_jessica
D:3:      layout_loops_cross, nemelex_xobeh_ov_fountains_minmay, first_ration
D:4:      layout_basic, minivault_1
D:5:      layout_basic, fedhas_altar_4
D:6:      layout_layer_cave, minmay_temple_entry_trees, serial_shops,
          nicolae_shop_statue_plus, uniq_pikel
D:7:      layout_cave_pods, basic_altar, uniq_joseph
D:8:      layout_basic, lemuel_blue_sif_altar, uniq_grum
Temple:   roderic_octagonal_lattice_temple

Notes
Turn   | Place    | Note
-------+----------+-------------------------------------------
     0 | D:1      | lepoulpe303 the Merfolk Ice Elementalist began the quest
                  | for the Orb.
     0 | D:1      | Reached XP level 1. HP: 13/13 MP: 3/3
   192 | D:1      | Reached XP level 2. HP: 11/19 MP: 0/5
   332 | D:1      | Identified a +0 whip
   357 | D:1      | Identified a +0 dagger
   357 | D:1      | Identified a +0 club
   542 | D:1      | Reached skill level 3 in Dodging
   807 | D:1      | Identified a +0 pair of boots (You found it on level 1 of
                  | the Dungeon)
   836 | D:2      | Reached XP level 3. HP: 24/24 MP: 6/6
   841 | D:2      | Learned a level 3 spell: Frozen Ramparts
   853 | D:2      | Found an iron altar of Okawaru.
   854 | D:2      | Identified a +0 robe
   854 | D:2      | Noticed Jessica
   857 | D:2      | Killed Jessica
   857 | D:2      | Reached skill level 5 in Ice Magic
   938 | D:2      | Identified a +0 spear (You found it on level 2 of the
                  | Dungeon)
  1233 | D:2      | Reached XP level 4. HP: 30/30 MP: 7/7
  1238 | D:2      | Learned a level 3 spell: Ozocubu's Armour
  1269 | D:2      | Identified a +0 flail
  1269 | D:2      | Identified a +0 scale mail
  1269 | D:2      | Noticed Terence
  1278 | D:2      | Killed Terence
  1278 | D:2      | Reached skill level 3 in Stealth
  1752 | D:3      | Identified a +0 dagger
  1889 | D:3      | Identified a +0 dagger
  1892 | D:3      | Identified 3 scrolls of magic mapping
  1893 | D:3      | Identified 2 scrolls of immolation
  1896 | D:3      | Identified a +0 leather armour
  2017 | D:3      | Identified a +0 dagger
  2029 | D:3      | Reached skill level 1 in Polearms
  2187 | D:3      | Reached XP level 5. HP: 25/35 MP: 6/9
  2308 | D:3      | Identified a +0 club
  2325 | D:3      | Identified a +0 short sword
  2326 | D:3      | Found a sparkling altar of Nemelex Xobeh.
  2344 | D:3      | Reached skill level 3 in Spellcasting
  2376 | D:3      | Identified a +0 dagger
  2376 | D:3      | Identified a +0 robe
  2379 | D:3      | Identified a +0 dagger
  2379 | D:3      | Identified a +0 leather armour
  2379 | D:3      | Identified a +0 mace
  2735 | D:3      | Identified a +0 club
  2735 | D:3      | Identified a +0 flail
  2735 | D:3      | Identified a +0 ring mail
  2737 | D:3      | Identified a +0 mace
  2739 | D:3      | Identified a +0 falchion
  2739 | D:3      | Identified a +1 leather armour of cold resistance
  2772 | D:3      | Identified a +0 hand axe
  3019 | D:4      | Identified a +0 dagger
  3019 | D:4      | Identified a +0 robe
  3019 | D:4      | Identified a +0 trident
  3019 | D:4      | Identified a +0 ring mail
  3040 | D:4      | Reached skill level 2 in Polearms
  3040 | D:4      | Reached skill level 1 in Charms
  3042 | D:4      | Reached XP level 6. HP: 25/41 MP: 4/11
  3048 | D:4      | Learned a level 4 spell: Hailstorm
  3188 | D:4      | Identified 2 scrolls of identify
  3188 | D:4      | Identified a ring of protection from cold (You found it on
                  | level 3 of the Dungeon)
  3191 | D:4      | Identified a +0 trident
  3477 | D:4      | Reached skill level 4 in Dodging
  3525 | D:4      | Reached skill level 6 in Ice Magic
  3574 | D:4      | Identified 3 scrolls of teleportation
  3611 | D:4      | Identified 2 scrolls of amnesia
  3963 | D:5      | Entered Level 5 of the Dungeon
  4092 | D:5      | HP: 10/41 [howler monkey zombie (4)]
  4115 | D:5      | HP: 9/41 [howler monkey zombie (3)]
  4410 | D:5      | Identified 2 scrolls of fear
  4438 | D:5      | Identified a +0 shortbow
  4440 | D:5      | Reached skill level 4 in Spellcasting
  4440 | D:5      | Reached skill level 2 in Charms
  4440 | D:5      | Reached XP level 7. HP: 44/46 MP: 8/13
  4440 | D:5      | Reached skill level 3 in Polearms
  4456 | D:5      | HP: 11/46 [centaur (1)]
  4456 | D:5      | HP: 2/46 [centaur (9)]
  5058 | D:5      | Found a blossoming altar of Fedhas.
  5131 | D:5      | Identified a ring of protection (You found it on level 5 of
                  | the Dungeon)
  5133 | D:5      | Identified a ring of teleportation (You found it on level 4
                  | of the Dungeon)
  5135 | D:5      | Identified a ring of ice (You found it on level 5 of the
                  | Dungeon)
  5137 | D:5      | Identified a ring of flight (You found it on level 3 of the
                  | Dungeon)
  5142 | D:5      | Identified a scroll of fog
  5143 | D:5      | Identified a scroll of noise
  5144 | D:5      | Identified a scroll of enchant weapon
  5178 | D:6      | Found Sazeoji's Weapon Shop.
  5181 | D:6      | Found a staircase to the Ecumenical Temple.
  5203 | D:6      | Identified a +0 flail
  5203 | D:6      | Identified a +0 chain mail
  5204 | D:6      | Identified a +0 ring mail
  5204 | D:6      | Identified a +0 mace
  5205 | D:6      | Identified a +0 dagger
  5205 | D:6      | Identified a +0 chain mail
  5217 | Temple   | Entered the Ecumenical Temple
  5218 | Temple   | lepoulpe303: !whichgod mfie
  5218 | Temple   | meem: 48 recent wins for mfie: 12x Vehumet, 10x Ashenzari,
                  | 4x Fedhas, 3x Gozag, 3x Sif Muna, 3x Okawaru, 3x
                  | Cheibriados, 2x Nemelex Xobeh, 2x Elyvilon, Hepliaklqana,
                  | Ru, Dithmenos, Yredelemnul, Uskayaw, The Shining One
  5233 | Temple   | Became a worshipper of Vehumet
  5338 | D:6      | Reached XP level 8. HP: 41/53 MP: 14/14
  5344 | D:6      | Learned a level 4 spell: Summon Ice Beast
  5438 | D:6      | Identified a +0 short sword
  5438 | D:6      | Identified a +0 short sword
  5450 | D:6      | Reached skill level 1 in Fighting
  5456 | D:6      | Identified a +0 dagger
  5461 | D:6      | Identified a +0 hand axe
  5461 | D:6      | Identified a +0 leather armour
  5463 | D:6      | Identified a +0 flail
  5588 | D:6      | Reached skill level 4 in Polearms
  5588 | D:6      | Reached skill level 5 in Dodging
  5588 | D:6      | Reached skill level 3 in Charms
  5588 | D:6      | Reached skill level 7 in Ice Magic
  5898 | D:6      | HP: 13/54 [poisoned by a water moccasin]
  5903 | D:6      | HP: 10/54 [poisoned by a water moccasin]
  5908 | D:6      | HP: 8/54 [poisoned by a water moccasin]
  5913 | D:6      | HP: 7/54 [poisoned by a water moccasin]
  5920 | D:6      | HP: 6/54 [poisoned by a water moccasin]
  5928 | D:6      | HP: 5/54 [poisoned by a water moccasin]
  6246 | D:6      | Identified a +0 giant club
  6277 | D:6      | Reached skill level 5 in Spellcasting
  6469 | D:6      | Identified a +0 flail
  6469 | D:6      | Identified a +0 robe
  6469 | D:6      | Identified a cursed +3 falchion
  6469 | D:6      | Identified a +0 robe
  6469 | D:6      | Identified a +2 battleaxe
  6469 | D:6      | Identified a +0 robe
  6469 | D:6      | Identified a +2 mace
  6469 | D:6      | Identified a +0 robe
  6509 | D:6      | Reached skill level 2 in Fighting
  7124 | D:6      | Identified a +0 whip of freezing
  7124 | D:6      | Identified a +1 robe of fire resistance
  7124 | D:6      | Noticed Pikel
  7312 | D:6      | Killed Pikel
  7312 | D:6      | Reached skill level 5 in Polearms
  7312 | D:6      | Reached skill level 6 in Dodging
  7312 | D:6      | Reached skill level 4 in Charms
  7312 | D:6      | Reached skill level 8 in Ice Magic
  7312 | D:6      | Reached XP level 9. HP: 56/62 MP: 11/17
  7455 | D:6      | Identified a +0 shortbow
  7469 | D:6      | Reached skill level 3 in Fighting
  7664 | D:7      | Found a bloodstained altar of Trog.
  7956 | D:7      | Identified a cursed -3 quarterstaff
  7956 | D:7      | Identified a +0 hunting sling
  7956 | D:7      | Identified a +2 leather armour of cold resistance
  7956 | D:7      | Noticed Joseph
  8050 | D:7      | Identified a +0 flail
  8559 | D:7      | Killed Joseph
  8559 | D:7      | Reached skill level 6 in Spellcasting
  8793 | D:8      | Identified a +1 spear of venom
  8793 | D:8      | Identified a +0 animal skin
  8793 | D:8      | Noticed Grum
  9165 | D:7      | Reached skill level 6 in Polearms
  9582 | D:8      | Identified a +0 trident
  9582 | D:8      | Identified a +0 ring mail
  9583 | D:8      | Paralysed by an orc for 6 turns
  9612 | D:7      | HP: 14/64 [black bear (4)]
  9888 | D:8      | Identified a +0 mace
  9888 | D:8      | Identified a +0 leather armour
  9998 | D:8      | Killed Grum
 10031 | D:8      | Identified a +0 hand axe
 10031 | D:8      | Identified a +0 plate armour
 10060 | D:8      | Identified a +0 falchion
 10354 | D:8      | Identified a cursed -1 short sword
 10370 | D:8      | Identified a +0 dagger
 10370 | D:8      | Identified a +0 robe
 10372 | D:8      | HP: 13/65 [orc warrior/+0 hand axe (18)]
 10377 | D:8      | HP: 12/65 [poisoned by a killer bee]
 10385 | D:8      | HP: 11/65 [poisoned by a killer bee]
 10426 | D:8      | HP: 10/65 [killer bee (9)]
 10427 | D:8      | Slain by a killer bee

Table legend:
 A = Turns spent in this place as a percentage of turns spent in the entire game.
 B = Non-inter-level travel turns spent in this place as a percentage of non-inter-level travel turns spent in the entire game.
 C = Inter-level travel turns spent in this place as a percentage of turns spent in this place.
 D = Turns resting spent in this place as a percentage of non-inter-level travel turns spent in this place.
 E = Turns spent auto-exploring this place as a percentage of non-inter-level travel turns spent in this place.
 F = Non-inter-level travel turns spent in this place divided by the number of levels of this place that you've seen.
                   A       B       C       D       E      F
               +-------+-------+-------+-------+-------+----------------------
         Total | 100.0 | 100.0 |   5.1 |  39.6 |  41.8 | 1099.1
       Dungeon |  99.7 |  99.8 |   5.0 |  39.7 |  41.8 | 1234.4
        Temple |   0.3 |   0.2 |  48.5 |   0.0 |  64.7 |  17.0
               +-------+-------+-------+-------+-------+----------------------

Table legend:
 A = Kills in this place as a percentage of kills in entire the game.
 B = Kills by you in this place as a percentage of kills by you in the entire game.
 C = Kills by friends in this place as a percentage of kills by friends in the entire game.
 D = Other kills in this place as a percentage of other kills in the entire game.
 E = Experience gained in this place as a percentage of experience gained in the entire game.
 F = Experience gained in this place divided by the number of levels of this place that you have seen.
                   A       B       C       D       E      F
               +-------+-------+-------+-------+-------+----------------------
         Total | 100.0 | 100.0 |   N/A |   N/A | 100.0 | 466.4
       Dungeon | 100.0 | 100.0 |   N/A |   N/A | 100.0 | 524.8
               +-------+-------+-------+-------+-------+----------------------

Skill      XL: |  1  2  3  4  5  6  7  8  9 |
---------------+----------------------------+-----
Dodging        | 3 4 6 |  6.7
Ice Magic      | 5 6 8 |  8.8
Stealth        | 3 |  3.0
Polearms       | 1 2 3 5 6 |  6.3
Spellcasting   | 3 4 5 6 |  6.6
Charms         | 1 2 4 |  4.6
Fighting       | 2 3 |  3.8

Action                   |  1- 3 |  4- 6 |  7- 9 || total
-------------------------+-------+-------+-------++-------
Melee: Unarmed           |    21 |       |       ||    21
       Whip              |    26 |       |       ||    26
       Spear             |    20 |   125 |    35 ||   180
       Trident           |       |    50 |   219 ||   269
Throw: Javelin           |     3 |       |       ||     3
       Dart              |       |     5 |     1 ||     6
 Cast: Freeze            |    25 |    41 |    86 ||   152
       Frozen Ramparts   |       |     5 |     6 ||    11
       Ozocubu's Armour  |       |       |     4 ||     4
Evoke: Wand              |       |       |     2 ||     2
  Use: Scroll            |       |     6 |     4 ||    10
       Potion            |       |     1 |     2 ||     3
 Stab: Sleeping          |     4 |     3 |     3 ||    10
       Distracted        |       |     2 |     1 ||     3
  Eat: Chunk             |     1 |     9 |     3 ||    13
       Ration            |       |     1 |     5 ||     6
Armor: Robe              |    28 |    21 |    54 ||   103
Dodge: Dodged            |    55 |   138 |   229 ||   422

Vanquished Creatures
  Pikel (D:6)
  Joseph (D:7)
  Grum (D:8)
  A water moccasin (D:6)
  2 sky beasts (D:6)
  A black bear (D:7)
  A phantom (D:6)
  3 slaves (D:6)
  2 centaurs
  3 wolves (D:7)
  An ogre (D:6)
  4 wights (D:6)
  4 howler monkeys
  A crimson imp (D:7)
  A hound (D:7)
  A centaur zombie (D:8)
  3 orc priests (D:6)
  A bullfrog skeleton (D:8)
  2 orc wizards
  Jessica (D:2)
  Terence (D:2)
  5 iguanas
  4 worker ants
  A worker ant zombie (D:5)
  2 howler monkey zombies (D:7)
  6 adders
  A howler monkey skeleton (D:4)
  An ooze (D:1)
  An adder skeleton (D:4)
  A worm (D:3)
  3 dart slugs
  3 leopard geckos
  27 orcs
  A ball python (D:3)
  8 giant cockroaches
  6 goblins
  4 hobgoblins
  2 kobolds (D:1)
  A quokka (D:3)
  7 bats
  11 frilled lizards
  A jackal skeleton (D:5)
  2 quokka skeletons (D:4)
  A quokka zombie (D:8)
  6 rats
141 creatures vanquished.
